 Dungeon Crawl Stone Soup version 0.28-a0-1493-g08698888e4 (webtiles) character file.

Game seed: 14520237808703791441

29 knot the Chopper (level 3, 29/29 HPs)
             Began as a Demonspawn Berserker on Jan 13, 2022.
             Was a Believer of Trog.
             Quit the game on level 2 of the Dungeon.
             The game lasted 00:00:42 (1405 turns).

knot the Chopper (Demonspawn Berserker)             Turns: 1405, Time: 00:00:43

Health: 29/29      AC:  2    Str: 17    XL:     3   Next: 1%
Magic:  3/3        EV: 12    Int: 10    God:    Trog [**....]
Gold:   37         SH:  0    Dex: 12    Spells: 2/2 levels left

rFire   . . .      SeeInvis .   a - +0 hand axe
rCold   . . .      Faith    .   (no shield)
rNeg    . . .      Spirit   .   b - +0 animal skin
rPois   .          Reflect  .   (no helmet)
rElec   .          Harm     .   (no cloak)
rCorr   .          Rampage  .   (no gloves)
Will    .....                   (no boots)
Stlth   +.........              (no amulet)
HPRegen 0.09/turn               (no ring)
MPRegen 0.08/turn               (no ring)

@: no status effects
A: hooves 1, sanguine armour 1
a: Renounce Religion, Berserk, Trog's Hand


You were on level 2 of the Dungeon.
You worshipped Trog.
Trog was pleased with you.
You visited 1 branch of the dungeon, and saw 2 of its levels.

You collected 37 gold pieces.

Inventory:

Hand Weapons
 a - a +0 hand axe (weapon)
Missiles
 c - 52 stones (quivered)
Armour
 b - a +0 animal skin (worn)
Scrolls
 d - a scroll of identify {unknown}
 f - a scroll of enchant weapon {unknown}
 g - a scroll of teleportation {unknown}
 h - 2 scrolls of vulnerability {unknown}
Potions
 e - a potion of might {unknown}


   Skills:
 - Level 3.0 Fighting
 + Level 3.8 Axes
 - Level 1.7 Armour
 - Level 1.7 Dodging


You had 2 spell levels left.
You didn't know any spells.
Your spell library contained the following spells:

 Spells                   Type           Power      Damage    Failure   Level
 Summon Guardian Golem    Hex/Summ       0%         N/A       75%         3
 Orb of Destruction       Conj           0%         N/A       100%        7
 Spellforged Servitor     Conj/Summ      0%         N/A       100%        7


Dungeon Overview and Level Annotations

Branches:
Dungeon (2/15)

Altars:


Innate Abilities, Weirdness & Mutations

You have large cloven feet.
When seriously injured, your blood forms armour. (AC +0)


Message History

Your blood armour dries and flakes away.
Key pressed, stopping explore.
No target in view!
HP restored.
c - 52 stones (gained 16)
Found an escape hatch in the ceiling.
No target in view!
No target in view!
No target in view!
No target in view!
A goblin comes into view. It is wielding a +0 club.
A goblin comes into view. It is wielding a +0 dagger.
The goblin shouts! x2; You hear a shout!
An endoplasm comes into view.
The goblin barely misses you.
There are monsters nearby!
You slash the goblin!
You kill the goblin!
Trog accepts your kill.
A goblin comes into view. It is wielding a +0 dagger.
The goblin shouts!
The goblin misses you.
Things that are here:
a +0 club; a goblin corpse You miss the goblin.
The goblin hits you but does no damage.
You barely miss the goblin. The goblin misses you.
You slash the goblin!
You kill the goblin!
Trog accepts your kill.
You can now call upon Trog for regeneration and willpower.
You hit the endoplasm.
You kill the endoplasm!
Trog accepts your kill.
A rat comes into view.
You have reached level 3!
Your experience leads to an increase in your attributes!
Increase (S)trength, (I)ntelligence, or (D)exterity?
You feel clever. x2; Your demonic ancestry asserts itself...
Your feet thicken and deform.
Are you sure you want to abandon this character and quit the game? (Confirm with "yes".)

...r.. .....
.... ... ##..
#.. ..# #.##
#g# ..##....
#@# #.....#
#.########..#.#
#.......##....#
#######......#
#.....##
#......#####
##..#.......#
##...#.###.#.#
#..###.# ..


You could see a goblin and a rat (wandering).

Vanquished Creatures
  2 dart slugs (D:1)
  3 endoplasms
  A giant cockroach (D:1)
  3 goblins
  3 hobgoblins (D:1)
  4 ball pythons
  4 bats (D:1)
  2 frilled lizards
  2 kobolds (D:1)
24 creatures vanquished.

Notes
Turn   | Place    | Note
-------+----------+-------------------------------------------
     0 | D:1      | knot the Demonspawn Berserker began the quest for the Orb.
     0 | D:1      | Reached XP level 1. HP: 18/18 MP: 1/1
   247 | D:1      | Gained mutation: When seriously injured, your blood forms
                  | armour. (AC +0) [demonic ancestry]
   247 | D:1      | Reached XP level 2. HP: 3/24 MP: 2/2
   874 | D:1      | Found a faded altar of an unknown god.
  1403 | D:2      | Reached ** piety under Trog
  1405 | D:2      | Gained mutation: You have large cloven feet. [demonic
                  | ancestry]
  1405 | D:2      | Reached XP level 3. HP: 29/29 MP: 3/3
  1405 | D:2      | Quit the game

Illustrated notes

Levels and vault maps discovered:
D:1:      doesnt_arrival_eight_statues, layout_rooms,
          hellmonk_ecumenical_altar_heavens_door, moated_statue
D:2:      layout_rooms

Skill      XL: |  1 |
---------------+----+-----
Axes           | 3 |  3.8
Fighting       | |  3.0
Armour         | |  1.7
Dodging        | |  1.7

Action                   || total
-------------------------++-------
Melee: Hand axe          ||    77
Invok: Berserk           ||     1
Armor: Animal skin       ||    13
Dodge: Dodged            ||    60

Table legend: (Time is in decaauts)
 A = Elapsed time spent in this place.
 B = Non-inter-level travel time spent in this place.
 C = Inter-level travel time spent in this place.
 D = Time resting spent in this place.
 E = Time spent auto-exploring this place.
 F = Levels seen in this place.
 G = Mean time per level.
                   A        B        C        D        E       F      G
               +--------+--------+--------+--------+--------+-----+--------+
         Total |   1420 |   1390 |     30 |    267 |    970 |   2 |  710.0 |
       Dungeon |   1420 |   1390 |     30 |    267 |    970 |   2 |  710.0 |
               +--------+--------+--------+--------+--------+-----+--------+

Top non-repeatable levels by time:
     D:1: 1209 daAuts
     D:2: 210 daAuts
